 Dungeon Crawl Stone Soup version 0.20.1 (webtiles) character file.

48895 VajrapaniSR the Severer (level 14, -9/205 HPs)
             Began as a Minotaur Berserker on July 2, 2017.
             Was a High Priest of Trog.
             Killed from afar by a shock serpent (20 damage)
             ... with a bolt of electricity
             ... on level 3 of the Snake Pit on July 3, 2017.
             The game lasted 01:04:19 (11077 turns).

VajrapaniSR the Severer (Minotaur Berserker)       Turns: 11077, Time: 01:04:21

Health: -9/205     AC: 22    Str: 27    XL:     14   Next: 14%
Magic:  13/13      EV: 11    Int:  4    God:    Trog [*****.]
Gold:   709        SH:  5    Dex: 19    Spells: 13/13 levels left

rFire    + . .     SeeInvis .   U - +5 executioner's axe (flame)
rCold    + . .     Gourm    .   (shield currently unavailable)
rNeg     + . .     Faith    .   r - +0 plate armour
rPois    .         Spirit   .   F - +2 hat
rElec    .         Reflect  +   x - scarf {rC+ rF+}
rCorr    .         Harm     .   d - +2 pair of gloves {archery}
MR       +....                  M - +0 pair of boots
Stlth    ..........             s - +5 amulet of reflection
Regen    0.5/turn               f - ring of positive energy
MPRegen  0.2/turn               W - +4 ring of dexterity

@: berserking (expiring), lethally poisoned (-9 -> -20), very quick
A: retaliatory headbutt, horns 2
a: Berserk, Trog's Hand, Brothers in Arms, Burn Spellbooks, Renounce Religion


You were on level 3 of the Snake Pit.
You worshipped Trog.
Trog was extremely pleased with you.
You were near starving.

You visited 4 branches of the dungeon, and saw 25 of its levels.

You collected 836 gold pieces.
You spent 127 gold pieces at shops.

Inventory:

Hand Weapons
 a - a +2 broad axe of chopping
 b - a +4 war axe of flaming
 U - a +5 executioner's axe of flaming (weapon)
Armour
 d - a +2 pair of gloves of archery (worn)
 q - a +0 chain mail of fire resistance
 r - a +0 plate armour (worn)
 x - a scarf of resistance (worn)
 F - a +2 hat (worn)
 M - a +0 pair of boots (worn)
Jewellery
 f - a ring of positive energy (left hand)
 s - a +5 amulet of reflection (around neck)
 V - an uncursed amulet of guardian spirit {unknown}
 W - a +4 ring of dexterity (right hand)
Wands
 j - a wand of lightning (4/15)
 m - a wand of acid (8/15)
 o - a wand of confusion (10/48)
 p - a wand of digging (22/24)
 I - a wand of lightning (7/15)
 J - a wand of random effects (13/48)
 L - a wand of paralysis (12/24)
 P - a wand of iceblast (6/15)
 S - a wand of iceblast (10/15)
Scrolls
 g - 10 scrolls of teleportation
 n - 2 scrolls of remove curse
 y - a scroll of recharging
 B - a scroll of fog
 D - a scroll of brand weapon
 E - 3 scrolls of identify
 O - a scroll of blinking
 Q - 2 scrolls of magic mapping
Potions
 e - 2 potions of brilliance
 h - 2 potions of resistance
 i - 3 potions of might
 k - 4 potions of mutation
 t - 5 potions of heal wounds
 w - 2 potions of cancellation
 z - 4 potions of agility
 A - a potion of magic
 C - 8 potions of curing
 H - a potion of haste
 R - 2 potions of berserk rage
 T - a potion of ambrosia {unknown}
Books
 G - a book of Clouds (quivered)

   Spells                             Type                      Level
   a - Poisonous Vapours              Poison/Air                   2
   b - Mephitic Cloud                 Conjuration/Poison/Air       3
   c - Conjure Flame                  Conjuration/Fire             3
   d - Freezing Cloud                 Conjuration/Ice/Air          6
   e - Ring of Flames                 Charms/Fire                  7
   Trog disapproves of the use of such an item.
 N - a book of Flames

   Spells                             Type                      Level
   a - Flame Tongue                   Conjuration/Fire             1
   b - Throw Flame                    Conjuration/Fire             2
   c - Conjure Flame                  Conjuration/Fire             3
   d - Inner Flame                    Hexes/Fire                   3
   e - Sticky Flame                   Conjuration/Fire             4
   f - Fireball                       Conjuration/Fire             5
   Trog disapproves of the use of such an item.
Miscellaneous
 K - a phial of floods
Comestibles
 c - 8 bread rations
 l - 16 meat rations
 u - 20 fruits


   Skills:
 + Level 16.1 Fighting
 * Level 17.5 Axes
 + Level 11.9 Armour
 + Level 5.7 Dodging
   Level 10.1 Shields


You had 13 spell levels left.
You didn't know any spells.

Dungeon Overview and Level Annotations

Branches:
Dungeon (15/15)            Temple (0/1) D:6            Lair (6/6) D:8
  Snake (2/4) Lair:2        Slime (0/5) Lair:6          Orc (1/2) D:12
  Swamp: Lair:2-4    Shoals: Lair:2-4    Vaults: D:13-14     Depths: D:15

Altars:
Fedhas
Nemelex Xobeh
Okawaru
Jiyva

Shops:
D:7 [   Snake:1 !

Annotations:
Snake:3 Vashnia


Innate Abilities, Weirdness & Mutations

You reflexively headbutt those who attack you in melee.
You have a pair of horns on your head.


Message History

You slash the naga! You burn the naga!
You kill the naga!
Trog accepts your kill.
You slice the shock serpent!! You burn the shock serpent!
The shock serpent's electric aura discharges violently, shocking you!
* * * LOW HITPOINT WARNING * * *
You feel sick.
The naga sharpshooter spits poison at you.
The splash of poison hits you!
You are lethally poisoned!
The naga spits poison at you. The splash of poison misses you.
The black mamba bites your ogre!
Your ogre dies!
Your ogre's corpse disappears in a puff of smoke!
Vashnia shoots a bolt.
You reflect the bolt off an invisible shield around you!
The bolt closely misses Vashnia.
The shock serpent shoots out a bolt of lightning at you!
The bolt of electricity hits you!
You die...

............#
.............
............#
#.......>.N#
#..........##
#..N........#
#.N.....).N.#
#(N....@...#
#.....(S..###
#....(..§N...#
#........S...#
#...........##
..............#
?.............#
..............#
####+########.#


You could see Vashnia, 4 naga sharpshooters, a shock serpent, a black mamba and
a naga.

Vanquished Creatures
  Rupert (D:12)
  Kirke (Lair:4)
  Snorg (D:10)
  5 hydras
  A centaur warrior (D:15)
  An anaconda (Snake:3)
  2 two-headed ogres (D:15)
  A death yak (Lair:3)
  2 unseen horrors
  A wizard (D:15)
  A deep elf mage (D:8)
  A wolf spider (D:15)
  5 ugly things
  7 black mambas
  A centaur zombie (D:15)
  2 naga magi (Snake:1)
  A torpor snail (Lair:3)
  11 spiny frogs
  4 gargoyles
  A centaur skeleton (D:12)
  A kobold demonologist (D:11)
  7 komodo dragons
  A rime drake (Lair:6)
  2 polar bears (Lair:4)
  A hornet (D:13)
  12 hippogriffs
  12 dream sheep
  16 blink frogs
  A meliai zombie (D:11)
  Eustachio (D:5)
  A shadow (D:11)
  A wyvern (D:12)
  3 hogs (Lair:4)
  37 yaks
  A steam dragon (D:7)
  A hog (shapeshifter) (D:14)
  2 vampire mosquitoes (D:12)
  3 basilisks
  3 hungry ghosts
  3 nagas
  10 water moccasins
  6 porcupines
  An acid dragon (D:8)
  A sky beast (D:8)
  Duvessa (D:5)
  7 orc warriors
  3 phantoms
  3 ice beasts
  A black bear (Lair:4)
  2 centaurs
  An ogre (D:11)
  11 crocodiles
  3 big kobolds (D:11)
  14 bullfrogs
  2 gnoll sergeants
  Dowan (D:5)
  4 scorpions
  A water moccasin skeleton (D:7)
  5 killer bees (D:11)
  3 howler monkeys (D:8)
  5 wights (D:6)
  An electric eel (Lair:2)
  5 crimson imps
  A bullfrog zombie (D:8)
  9 orc wizards
  3 orc priests
  2 bullfrog skeletons
  4 hounds
  2 jellies
  Jessica (D:3)
  An iguana (D:9)
  8 worker ants
  12 gnolls
  3 adders
  2 howler monkey skeletons (D:8)
  A shadow imp (D:15)
  An adder zombie (D:8)
  A worm (D:2)
  A leopard gecko (D:10)
  33 orcs
  3 bats (D:1)
  3 giant cockroaches
  3 goblins
  A hobgoblin (D:2)
  3 quokkas
  A jackal skeleton (D:7)
  A kobold (D:2)
  A quokka skeleton (D:8)
  2 rats
  A fungus (Lair:5)
  7 plants
361 creatures vanquished.

Vanquished Creatures (others)
  A plant (Lair:6)
1 creature vanquished.

Grand Total: 362 creatures vanquished

Notes
Turn   | Place    | Note
-------+----------+-------------------------------------------
     0 | D:1      | VajrapaniSR the Minotaur Berserker began the quest for the Orb.
     0 | D:1      | Reached XP level 1. HP: 19/19 MP: 0/0
    82 | D:2      | Reached skill level 4 in Axes
   139 | D:2      | Reached XP level 2. HP: 20/27 MP: 1/1
   239 | D:3      | Noticed Jessica
   242 | D:3      | Killed Jessica
   242 | D:3      | Reached XP level 3. HP: 33/33 MP: 2/2
   244 | D:3      | Reached skill level 5 in Axes
   245 | D:3      | Reached XP level 4. HP: 41/41 MP: 3/3
   373 | D:5      | Entered Level 5 of the Dungeon
   373 | D:5      | Noticed a phantom
   405 | D:5      | Killed a phantom
   405 | D:5      | Reached skill level 5 in Fighting
   405 | D:5      | Reached skill level 6 in Axes
   405 | D:5      | Reached XP level 5. HP: 36/48 MP: 4/4
   407 | D:5      | Noticed an ice beast
   418 | D:5      | Killed an ice beast
   418 | D:5      | Reached ** piety under Trog
   418 | D:5      | Reached skill level 7 in Axes
   418 | D:5      | Reached XP level 6. HP: 45/56 MP: 5/5
   435 | D:5      | Noticed Eustachio
   478 | D:5      | Killed Eustachio
   611 | D:5      | Noticed Dowan
   612 | D:5      | Noticed Duvessa
   620 | D:5      | Killed Duvessa
   620 | D:5      | Reached skill level 8 in Axes
   620 | D:5      | Reached XP level 7. HP: 63/63 MP: 6/6
   624 | D:5      | Killed Dowan
   765 | D:6      | Found a staircase to the Ecumenical Temple.
   805 | D:6      | Reached skill level 9 in Axes
   817 | D:6      | Reached XP level 8. HP: 73/73 MP: 7/7
   914 | D:7      | Reached skill level 10 in Axes
   963 | D:7      | Noticed a hippogriff
   965 | D:7      | Killed a hippogriff
   982 | D:7      | Noticed a hippogriff
   989 | D:7      | Killed a hippogriff
   989 | D:7      | Reached skill level 11 in Axes
  1085 | D:7      | Found Ippyhaci's Antique Armour Emporium.
  1113 | D:7      | Bought a pair of glowing gloves for 127 gold pieces
  1119 | D:7      | Found an iron altar of Okawaru.
  1174 | D:7      | Reached XP level 9. HP: 82/82 MP: 8/8
  1198 | D:7      | Reached skill level 12 in Axes
  1265 | D:7      | Reached *** piety under Trog
  1366 | D:8      | HP: 2/83 [orc warrior/war axe (11)]
  1504 | D:6      | VajrapaniSR: ??war axe
  1504 | D:6      | beem: war axe[1/2]: (axes; +0 acc / 11 dam / 1.5 base delay / 0.7 min delay). A military axe with a long haft and a single-bladed head.
  1504 | D:6      | VajrapaniSR: ??battleaxe
  1504 | D:6      | beem: battleaxe[1/1]: (axes; -4 acc / 15 dam / 1.7 base delay / 0.7 min delay; two handed). A large war axe with a formidable double-sided head.
  1544 | D:7      | Reached skill level 13 in Axes
  1680 | D:8      | Noticed a gargoyle
  1683 | D:8      | Killed a gargoyle
  1683 | D:8      | Reached skill level 10 in Fighting
  1791 | D:8      | Noticed a cyan ugly thing
  1803 | D:8      | Killed a cyan ugly thing
  1852 | D:8      | Reached skill level 14 in Axes
  1852 | D:8      | Reached XP level 10. HP: 44/93 MP: 9/9
  2043 | D:8      | Noticed a deep elf mage
  2050 | D:8      | Killed a deep elf mage
  2202 | D:10     | Entered Level 10 of the Dungeon
  2268 | D:11     | Noticed a sun demon
  2308 | D:11     | Noticed a five-headed hydra
  2320 | D:11     | Killed a five-headed hydra
  2321 | D:11     | Reached **** piety under Trog
  2321 | D:11     | Reached skill level 15 in Axes
  2418 | D:11     | Noticed a three-headed hydra
  2425 | D:11     | Killed a three-headed hydra
  2829 | D:10     | Noticed Snorg
  2841 | D:10     | Killed Snorg
  2841 | D:10     | Reached skill level 16 in Axes
  2841 | D:10     | Reached XP level 11. HP: 104/104 MP: 10/10
  2969 | D:10     | NOICE
  3520 | D:12     | Reached skill level 1 in Shields
  3746 | D:11     | VajrapaniSR: ??lair
  3746 | D:11     | beem: lair[1/2]: Accessed from the main dungeon somewhere between levels 8 and 11. Six levels deep. The lair is full of "natural" critters such as rats, snakes, and yaks. One of Swamp/Shoals and one of Snake/Spider appears there, as well as Slime, and there is a relatively hard vault on Lair:6. The petting zoo of Crawl, if petting zoos had hydras.
  4503 | D:11     | Reached skill level 5 in Armour
  4835 | D:14     | Killed an unseen horror
  4836 | D:14     | Noticed a five-headed hydra
  4845 | D:14     | Killed a one-headed hydra
  4875 | D:14     | Noticed a brown ugly thing
  4875 | D:14     | Noticed a brown ugly thing
  4876 | D:14     | Noticed a brown ugly thing
  4883 | D:14     | Killed a brown ugly thing
  4888 | D:14     | Killed a brown ugly thing
  4888 | D:14     | Reached skill level 5 in Shields
  4891 | D:14     | Killed a brown ugly thing
  4891 | D:14     | Reached ***** piety under Trog
  4925 | D:13     | Killed an unseen horror
  5045 | D:11     | VajrapaniSR: ??lair[2
  5045 | D:11     | beem: lair[2/2]: you don't need resists in lair, people. it's just 6 levels of xp and items.
  5306 | D:12     | Found a staircase to the Orcish Mines.
  5317 | Orc:1    | Entered Level 1 of the Orcish Mines
  5350 | D:12     | VajrapaniSR: ??orc
  5350 | D:12     | beem: orc[1/2]: Basic orc is tissue paper, with 1d6 + 4 hp. But beware {orc priest} smiting and {orc wizard} conjurations early. {Orc Warrior}, {Orc Knight} and {Orc Warlord} are increasingly powerful melee/ranged variants. {Orc High Priest} and {Orc Sorcerer} are truely deadly magical threats. See also Uniques: {Saint Roka} {Blork} {Nergalle} {Urug}
  5350 | D:12     | VajrapaniSR: ??orcish mines
  5350 | D:12     | beem: orcish mines[1/6]: Found in the main dungeon, between D:9 and D:12. Two levels deep.
  5416 | D:12     | Reached XP level 12. HP: 83/115 MP: 11/11
  5531 | D:12     | Noticed Rupert
  5550 | D:12     | Killed Rupert
  5612 | D:12     | Found a blossoming altar of Fedhas.
  6374 | D:15     | Entered Level 15 of the Dungeon
  6387 | D:15     | Noticed a two-headed ogre
  6396 | D:15     | Killed a two-headed ogre
  6433 | D:15     | Paralysed by a wizard for 5 turns
  6601 | D:15     | Noticed a two-headed ogre
  6607 | D:15     | Killed a two-headed ogre
  6610 | D:15     | Noticed a centaur warrior
  6624 | D:15     | Killed a centaur warrior
  7225 | D:8      | Found a staircase to the Lair.
  7229 | Lair:1   | Entered Level 1 of the Lair of Beasts
  7379 | Lair:3   | Noticed a five-headed hydra
  7386 | Lair:3   | Reached skill level 10 in Armour
  7388 | Lair:3   | Killed a three-headed hydra
  7461 | Lair:4   | Noticed Kirke
  7471 | Lair:4   | Reached skill level 15 in Fighting
  7471 | Lair:4   | Reached XP level 13. HP: 126/126 MP: 12/12
  7476 | Lair:4   | Killed Kirke
  7476 | Lair:4   | Received a gift from Trog
  7483 | Lair:4   | Reached skill level 10 in Shields
  7831 | Lair:4   | VajrapaniSR: ??snake
  7831 | Lair:4   | beem: snake pit[1/3]: Accessed from the Lair somewhere between levels 3 and 6. Four levels deep. The serpentine rune lies at the bottom, and the greater nagas are renowned for their charm and hospitality. Half of all games contain this branch; the others contain {Spider Nest}.
  7831 | Lair:4   | VajrapaniSR: ??swamp
  7831 | Lair:4   | beem: swamp[1/3]: Accessed from the Lair somewhere between levels 2 and 5. Four levels deep. Expect watery terrain and hydras throughout. A decaying rune lies at the bottom, usually guarded by swamp dragons and hydras. As swamp drakes emit mephitic clouds, you may want to have poison resistance or enhanced mental clarity.
  7878 | Lair:6   | Entered Level 6 of the Lair of Beasts
  7922 | Lair:6   | Found a staircase to the Slime Pits.
  7922 | Lair:6   | Found a viscous altar of Jiyva.
  8133 | Lair:6   | Got a warped bone ring
  8134 | Lair:6   | Identified the cursed ring "Hanit" {MP+9 AC-2 Dex+3} (You found it on level 6 of the Lair of Beasts)
  8256 | Lair:5   | Identified a scroll of acquirement
  8369 | Lair:5   | Received a gift from Trog
  8394 | Lair:5   | Reached skill level 17 in Axes
  8629 | Lair:2   | Found a sparkling altar of Nemelex Xobeh.
  8706 | Lair:3   | Reached skill level 5 in Dodging
  9474 | Lair:6   | Reached XP level 14. HP: 137/137 MP: 13/13
 11008 | Lair:2   | Found a staircase to the Snake Pit.
 11030 | Snake:1  | Entered Level 1 of the Snake Pit
 11032 | Snake:1  | Found Tufiji's Distillery.
 11069 | Snake:2  | You fall through a shaft!
 11069 | Snake:3  | Noticed Vashnia
 11077 | Snake:3  | Killed from afar by a shock serpent

Skill      XL: |  1  2  3  4  5  6  7  8  9 10 11 12 13 |
---------------+----------------------------------------+-----
Axes           | 4 5 6 7 8 9 11 14 16 17 | 17.5
Fighting       | 4 5 6 7 8 10 12 13 15 16 | 16.1
Armour         | 3 7 10 11 | 11.9
Shields        | 6 9 10 | 10.1
Dodging        | 5 |  5.7

Action                   |  1- 3 |  4- 6 |  7- 9 | 10-12 | 13-15 || total
-------------------------+-------+-------+-------+-------+-------++-------
Melee: Hand axe          |    22 |    62 |    29 |       |       ||   113
       Headbutt          |     6 |    13 |    28 |    95 |    87 ||   229
       War axe           |       |       |    94 |   304 |    30 ||   428
       Battleaxe         |       |       |    24 |    95 |       ||   119
       Flail             |       |       |       |    10 |       ||    10
       Broad axe         |       |       |       |       |   219 ||   219
       Executioner's axe |       |       |       |       |    63 ||    63
Invok: Berserk           |     2 |     3 |    13 |    12 |     4 ||    34
       Trog's Hand       |       |     1 |     3 |     4 |     1 ||     9
       Burn Spellbooks   |       |       |       |       |     2 ||     2
       Brothers in Arms  |       |       |       |       |     1 ||     1
Evoke: Wand              |       |       |     4 |       |     2 ||     6
  Use: Potion            |       |     2 |     1 |     1 |     1 ||     5
       Scroll            |       |       |    11 |    13 |    11 ||    35
 Stab: Confused          |       |       |     1 |       |       ||     1
  Eat: Chunk             |       |     1 |    17 |    11 |    10 ||    39
       Royal jelly       |       |     1 |       |     5 |     3 ||     9
       Meat ration       |       |       |     1 |     1 |       ||     2
       Fruit             |       |       |       |     5 |       ||     5
Armor: Animal skin       |     1 |       |       |       |       ||     1
       Chain mail        |     6 |    41 |    58 |       |       ||   105
       Plate armour      |       |       |     3 |   162 |   125 ||   290
Dodge: Dodged            |    17 |    37 |    55 |    75 |    71 ||   255
Block: Other             |       |       |       |    20 |    13 ||    33
       Reflection        |       |       |       |     5 |     3 ||     8
       Shield            |       |       |       |   164 |   164 ||   328
